 Dungeon Crawl Stone Soup version 0.21-a0-142-gdd972a7 (webtiles) character file.

42132 SamIAm the Brawler (level 13, -2/131 HPs)
             Began as a Troll Hunter on July 23, 2017.
             Was the Champion of Okawaru.
             Slain by a blink frog (11 damage)
             ... on level 6 of the Lair of Beasts.
             The game lasted 00:37:42 (15554 turns).

SamIAm the Brawler (Troll Hunter)                  Turns: 15554, Time: 00:37:43

Health: -2/131     AC:  8    Str: 30      XL:     13   Next: 83%
Magic:  15/16      EV: 16    Int:  5 (7)  God:    Okawaru [******]
Gold:   882        SH: 12    Dex: 12 (14) Spells: 12/12 levels left

rFire    + . .     SeeInvis .     - Unarmed
rCold    + + .     Gourm    +   H - +0 shield
rNeg     . . .     Faith    .   c - +0 robe {Archmagi}
rPois    .         Spirit   .   X - +0 hat "Ciudeego" {+Blink rF+ Str+2}
rElec    .         Reflect  .   K - +2 cloak {rC+}
rCorr    .         Harm     .   (gloves unavailable)
MR       .....                  (boots unavailable)
Stlth    +++.......             (no amulet)
HPRegen  0.71/turn              (no ring)
MPRegen  0.15/turn              o - ring of protection from cold

@: mighty, heroism
A: unfitting armour, claws 3, fast metabolism 3, gourmand, regeneration 1,
shaggy fur 1, tough skin 2
a: Heroism, Finesse, Renounce Religion, Evoke Blink


You were on level 6 of the Lair of Beasts.
You worshipped Okawaru.
Okawaru was exalted by your worship.
You were very full.

You visited 2 branches of the dungeon, and saw 17 of its levels.
You also visited: Labyrinth and Ice Cave.

You collected 882 gold pieces.

Inventory:

Missiles
 d - 5 large rocks (quivered)
 N - 3 throwing nets
Armour
 c - a +0 robe of the Archmagi (worn)
 t - a +0 cloak of invisibility
 H - a +0 shield (worn)
 K - a +2 cloak of cold resistance (worn)
 X - the +0 hat "Ciudeego" (worn) {+Blink rF+ Str+2}
   (You acquired it in an ice cave)

   It affects your strength (+2).
   It protects you from fire.
   It lets you blink.
Jewellery
 e - an uncursed ring of poison resistance
 g - an uncursed ring of positive energy
 k - an uncursed ring of resist corrosion
 m - an uncursed ring of see invisible
 o - a ring of protection from cold (right claw)
 y - an uncursed ring of protection from magic
 V - a +2 ring of evasion
Wands
 a - a wand of disintegration (7/24)
 B - a wand of iceblast (8/15)
 F - a wand of disintegration (8/24)
 O - a wand of scattershot (5/9)
 P - a wand of polymorph (16/24)
 T - a wand of enslavement (7/24)
 W - a wand of confusion (15/48)
 Y - a wand of acid (7/15)
Scrolls
 q - 5 scrolls of recharging
 s - 5 scrolls of remove curse
 u - a scroll of immolation
 x - a scroll of enchant armour
 G - a scroll of blinking
 I - 3 scrolls of teleportation
Potions
 h - 2 potions of agility
 n - a potion of resistance
 r - 4 potions of mutation
 w - 4 potions of cancellation
 z - 5 potions of curing
 A - a potion of haste
 D - 2 potions of might
 J - 3 potions of flight
 S - a potion of heal wounds
Books
 Q - a book of Transfigurations

   Spells                             Type                      Level
   a - Irradiate                      Conjuration/Transmutation    5
   b - Statue Form                    Transmutation/Earth          6
   c - Hydra Form                     Transmutation                6
   d - Dragon Form                    Transmutation                7
Miscellaneous
 p - a phantom mirror
Comestibles
 f - 6 bread rations
 l - 5 royal jellies
 C - 9 meat rations
 E - 3 fruits


   Skills:
 + Level 9.4(14.4) Fighting
 - Level 3.6(8.6) Throwing
 + Level 7.1(12.1) Dodging
 - Level 0.3(5.3) Stealth
 - Level 5.2(10.2) Shields
 * Level 17.1(22.1) Unarmed Combat
 - Level 5.3 Invocations


You had 12 spell levels left.
You didn't know any spells.

Dungeon Overview and Level Annotations

Branches:
Dungeon (11/15)            Temple (0/1) D:7            Lair (6/6) D:8
 Shoals (0/4) Lair:2        Snake (0/4) Lair:3
  Slime: Lair:5-6       Orc: D:9-12

Altars:
Fedhas
Okawaru
Vehumet
Wu Jian
Xom
The Shining One

Shops:
D:5 (   D:7 =

Annotations:
Lair:5 1 runed door


Innate Abilities, Weirdness & Mutations

You are too large for most types of armour.
You have claws for hands.
Your metabolism is lightning-fast.
You like to eat raw meat.
Your natural rate of healing is unusually fast.
You are covered in fur. (AC +1)
You have very tough skin. (AC +2)


Message History

Unknown command.
You miss the blink frog.
The blink frog is moderately wounded.
The blink frog hits you but does no damage.
You mangle the blink frog!!
You kill the blink frog!
Okawaru accepts your kill.
Unknown command.
You closely miss the blink frog.
The blink frog is moderately wounded.
The blink frog closely misses you.
You eviscerate the blink frog!!!
You kill the blink frog!
Okawaru accepts your kill.
Unknown command.
The blink frog completely misses you. You block the blink frog's attack.
You mangle the blink frog!!
The blink frog is heavily wounded.
The blink frog hits you!
You die...

...÷..P#...####...#
......#########...#
..........###...<.#
........[.........#
.................##
?................#
.................##
..!...........P.F.#
...........P.P.P@.##
........##..P#P.F..#
.....†..########.†##
.......P.....F†(.##
.............P#†..#
...............#..##
.......##........#.#
........###..##...##
.......###P.###...#


You could see 2 blink frogs.

Vanquished Creatures
  Rupert (Lair:5)
  A frost giant (IceCv)
  A dire elephant (Lair:6)
  A minotaur (Lab)
  3 hydras
  A centaur warrior (D:10)
  A two-headed ogre (D:8)
  3 death yaks (Lair:6)
  Pikel (D:5)
  6 elephants
  A merfolk siren (Lair:2)
  An ice statue (IceCv)
  A black mamba (Lair:5)
  2 gargoyles (D:10)
  6 spiny frogs
  A rime drake (Lair:6)
  10 komodo dragons
  2 minotaur zombies (Lab)
  15 polar bears
  2 hornets
  Prince Ribbit (D:8)
  7 blink frogs
  A dream sheep (Lair:5)
  6 hippogriffs
  Sigmund (D:3)
  35 yaks
  3 wyverns
  3 basilisks
  The ghost of LovelyHorse the Stinger, an amateur NaVM (D:3)
  Menkaure (D:6)
  A swamp worm (Lair:1)
  18 water moccasins
  Duvessa (D:5)
  8 porcupines
  3 orc warriors
  3 sky beasts
  A slave (D:5)
  A black bear (D:8)
  9 ice beasts
  An eye of draining (D:8)
  A necrophage (D:6)
  4 ogres
  6 centaurs
  15 wolves
  9 crocodiles
  A big kobold (D:7)
  13 bullfrogs
  A wyvern zombie (D:10)
  Dowan (D:5)
  3 scorpions
  A killer bee (Lair:1)
  3 howler monkeys
  8 wights
  An electric eel (Lair:2)
  3 crimson imps
  2 bullfrog zombies
  2 quasits
  9 hounds
  2 orc priests
  Crazy Yiuf (D:5)
  Ijyb (D:4)
  2 centaur skeletons
  2 jellies
  5 orc wizards
  Natasha (thrice) (D:3)
  A bullfrog skeleton (D:5)
  3 iguanas
  4 worker ants
  A hound zombie (D:6)
  3 gnolls (D:5)
  20 adders
  2 shadow imps (D:5)
  An adder zombie (D:8)
  2 oozes
  7 worms
  2 dart slugs
  5 leopard geckos
  26 orcs
  5 bats
  2 giant cockroaches
  9 goblins
  5 hobgoblins
  3 jackals (D:4)
  14 kobolds
  5 quokkas
  5 ball pythons
  6 frilled lizards
  A jackal skeleton (D:4)
  2 leopard gecko skeletons
  A leopard gecko zombie (D:6)
  7 rats
  A fungus (Lair:5)
407 creatures vanquished.

Vanquished Creatures (others)
  A crimson imp (D:5)
  A quokka (D:5)
  6 fungi
  15 plants
23 creatures vanquished.

Grand Total: 430 creatures vanquished

Notes
Turn   | Place    | Note
-------+----------+-------------------------------------------
     0 | D:1      | SamIAm the Troll Hunter began the quest for the Orb.
     0 | D:1      | Reached XP level 1. HP: 19/19 MP: 0/0
    34 | D:1      | Reached skill level 1 in Unarmed Combat
    90 | D:1      | Reached XP level 2. HP: 23/27 MP: 1/1
   172 | D:1      | Reached skill level 2 in Unarmed Combat
   740 | D:2      | Found an iron altar of Okawaru.
   786 | D:2      | Reached XP level 3. HP: 33/33 MP: 2/2
   827 | D:2      | Became a worshipper of Warmaster Okawaru
   967 | D:2      | Found a glowing golden altar of the Shining One.
  1043 | D:2      | Reached skill level 3 in Unarmed Combat
  1196 | D:2      | Reached XP level 4. HP: 42/42 MP: 3/3
  1366 | D:2      | Found a radiant altar of Vehumet.
  1366 | D:2      | Found a blossoming altar of Fedhas.
  1730 | D:3      | Noticed Sigmund
  1777 | D:3      | Killed Sigmund
  1777 | D:3      | Reached * piety under Okawaru
  1777 | D:3      | Reached skill level 5 in Unarmed Combat
  1777 | D:3      | Reached XP level 5. HP: 18/50 MP: 4/4
  1878 | D:3      | Noticed Natasha
  1891 | D:3      | Killed Natasha
  1891 | D:3      | Reached XP level 6. HP: 50/59 MP: 2/5
  1968 | D:3      | Noticed Natasha
  1971 | D:3      | Killed Natasha
  2079 | D:3      | Noticed Natasha
  2085 | D:3      | Killed Natasha
  2085 | D:3      | Reached skill level 1 in Invocations
  2398 | D:3      | Noticed LovelyHorse's ghost (amateur NaVM)
  2410 | D:3      | Killed LovelyHorse's ghost
  2410 | D:3      | Reached skill level 6 in Unarmed Combat
  2418 | D:3      | Reached XP level 7. HP: 58/66 MP: 4/7
  2751 | D:4      | Found an ornate altar of the Wu Jian Council.
  3570 | D:4      | Reached skill level 7 in Unarmed Combat
  3622 | D:4      | Noticed Ijyb
  3627 | D:4      | Killed Ijyb
  3701 | D:5      | Entered Level 5 of the Dungeon
  3701 | D:5      | Found Gat Vuom's Weapon Shoppe.
  3937 | D:5      | Reached ** piety under Okawaru
  3937 | D:5      | Reached XP level 8. HP: 48/74 MP: 6/9
  4011 | D:5      | Reached skill level 8 in Unarmed Combat
  4078 | D:5      | Noticed Pikel
  4079 | D:5      | Noticed Duvessa
  4080 | D:5      | Noticed Dowan
  4091 | D:5      | Killed Pikel
  4091 | D:5      | Reached skill level 9 in Unarmed Combat
  4094 | D:5      | Killed Duvessa
  4106 | D:5      | Killed Dowan
  4211 | D:5      | Reached *** piety under Okawaru
  4482 | D:5      | Found a runed door.
  4637 | D:5      | Noticed Crazy Yiuf
  4641 | D:5      | Killed Crazy Yiuf
  4641 | D:5      | Reached skill level 5 in Invocations
  4778 | D:6      | Noticed Menkaure
  4784 | D:6      | Killed Menkaure
  4784 | D:6      | Reached XP level 9. HP: 60/80 MP: 8/11
  4911 | D:6      | Found a shimmering altar of Xom.
  5053 | D:6      | Reached skill level 10 in Unarmed Combat
  5370 | D:7      | Reached skill level 1 in Shields
  5567 | D:7      | Reached skill level 11 in Unarmed Combat
  5903 | D:7      | Found Ynup Xaph's Jewellery Shop.
  5931 | D:7      | Reached **** piety under Okawaru
  5995 | D:7      | Found a staircase to the Ecumenical Temple.
  6414 | D:8      | Received a gift from Okawaru
  6454 | D:8      | Reached XP level 10. HP: 91/92 MP: 10/13
  6463 | D:8      | Found a staircase to the Lair.
  6525 | D:8      | You fall through a shaft for 2 floors!
  6525 | D:10     | Entered Level 10 of the Dungeon
  6767 | D:10     | Received a gift from Okawaru
  6796 | D:10     | Noticed a gargoyle
  6813 | D:10     | Killed a gargoyle
  6813 | D:10     | Reached skill level 12 in Unarmed Combat
  6985 | D:10     | Noticed a centaur warrior
  6993 | D:10     | Reached skill level 5 in Fighting
  6998 | D:10     | Killed a centaur warrior
  7230 | D:10     | Noticed a gargoyle
  7245 | D:10     | Killed a gargoyle
  7638 | D:9      | Noticed a two-headed ogre
  7787 | D:8      | Noticed Prince Ribbit
  7798 | D:8      | Killed Prince Ribbit
  7798 | D:8      | Received a gift from Okawaru
  7798 | D:8      | Reached XP level 11. HP: 88/103 MP: 12/14
  7820 | D:8      | Reached ***** piety under Okawaru
  7895 | D:8      | Reached skill level 13 in Unarmed Combat
  7954 | D:8      | Noticed a two-headed ogre
  7964 | D:8      | Killed a two-headed ogre
  8008 | D:8      | Reached skill level 5 in Shields
  8215 | Lair:1   | Entered Level 1 of the Lair of Beasts
  8345 | Lair:1   | Noticed an eight-headed hydra
  8365 | Lair:1   | Killed an 11-headed hydra
  8544 | Lair:1   | Received a gift from Okawaru
  9045 | Lair:2   | Reached skill level 14 in Unarmed Combat
  9942 | Lair:2   | Reached XP level 12. HP: 118/118 MP: 15/15
  9956 | Lair:2   | Found a staircase to the Shoals.
 10487 | Lair:3   | Found a staircase to the Snake Pit.
 10880 | Lair:3   | Received a gift from Okawaru
 11157 | Lair:3   | Found a glowing golden altar of the Shining One.
 11373 | Lair:3   | Noticed a four-headed hydra
 11380 | Lair:3   | Killed a seven-headed hydra
 11380 | Lair:3   | Reached skill level 15 in Unarmed Combat
 11729 | Lair:4   | Found a frozen archway.
 11768 | IceCv    | Entered an ice cave
 12119 | IceCv    | Reached skill level 5 in Dodging
 12151 | IceCv    | Identified a scroll of acquirement
 12152 | IceCv    | Got a jewelled hat
 12158 | IceCv    | Identified the +0 hat "Ciudeego" {+Blink rF+ Str+2} (You acquired it in an ice cave)
 12627 | IceCv    | Noticed a frost giant
 12659 | IceCv    | Killed a frost giant
 12659 | IceCv    | Reached XP level 13. HP: 128/128 MP: 10/16
 13272 | Lair:4   | Reached skill level 16 in Unarmed Combat
 13286 | Lair:4   | Reached ****** piety under Okawaru
 13738 | Lair:5   | Noticed Rupert
 13757 | Lair:5   | Killed Rupert
 13886 | Lair:5   | Found a runed door.
 13976 | Lair:5   | Found a labyrinth entrance.
 13985 | Lab      | Entered a labyrinth
 14272 | Lab      | Paralysed by fainting for 9 turns
 14289 | Lab      | Paralysed by fainting for 5 turns
 14386 | Lab      | Noticed a minotaur
 14389 | Lab      | Killed a minotaur
 14798 | Lair:6   | Entered Level 6 of the Lair of Beasts
 14910 | Lair:6   | Noticed a dire elephant
 15347 | Lair:6   | Killed a dire elephant
 15347 | Lair:6   | Received a gift from Okawaru
 15515 | Lair:6   | Reached skill level 17 in Unarmed Combat
 15522 | Lair:6   | HP: 6/131 [death yak (27)]
 15548 | Lair:6   | HP: 6/131 [blink frog (1)]
 15554 | Lair:6   | Slain by a blink frog

Vault maps used:
D:1:      dpeg_arrival_tiny_a, serial_forest, infiniplex_forest_side_room,
          infiniplex_forest_clump_small, infiniplex_forest_end_1,
          infiniplex_forest_end_double, infiniplex_forest_clump_double,
          infiniplex_forest_clump_double, infiniplex_forest_end_1,
          minmay_pentomino_s4
D:2:      okawaru_metal_pillars_1_2, gammafunk_temple_overflow_wave,
          lemuel_doored_altar, first_bread
D:3:      uniq_natasha, uniq_sigmund
D:4:      lemuel_crystal_altar, uniq_ijyb
D:5:      serial_shops, shop, uniq_pikel, uniq_crazy_yiuf_cottage, uniq_duvessa
D:6:      kennysheep_mini_moat, uniq_menkaure
D:7:      temple_hall, serial_shops, shop
D:8:      grunt_lair_entry_orc_guard_hut, grunt_ogre_cave, minmay_statues_item,
          uniq_prince_ribbit1
D:9:      serial_shops, nicolae_shop_trees
D:11:     serial_shops, kennysheep_mini, uniq_snorg
Lair:1:   special_room, worms_lemuel
Lair:2:   elwin_shoals_entry_rooms, grunt_megastairs_3
Lair:3:   minmay_snake_entry_six_corridors, basic_altar, grunt_megastairs_1,
          serial_bayou_shore_b
Lair:4:   portal_ice_cave_entry_ice_beasts
Lair:5:   lab_entry_generic, pf_torpor_hydra, uniq_rupert
Lair:6:   gammafunk_lair_ancient_temple, slime_altar_1,
          infiniplex_staircase_pool_2
Lab:      labyrinth_hidden_loot
IceCv:    ice_cave_small_giant

Skill      XL: |  1  2  3  4  5  6  7  8  9 10 11 12 13 |
---------------+----------------------------------------+-----
Unarmed Combat | 1 2 3 5 6 7 9 11 12 14 15 17 | 17.1
Fighting       | 2 4 5 7 8 9 |  9.4
Invocations    | 2 3 5 |  5.3
Shields        | 2 4 5 |  5.2
Dodging        | 3 5 7 |  7.1
Throwing       | |  3.6
Stealth        | |  0.3

Action                   |  1- 3 |  4- 6 |  7- 9 | 10-12 | 13-15 || total
-------------------------+-------+-------+-------+-------+-------++-------
Melee: Unarmed           |   122 |    87 |   309 |   568 |   228 ||  1314
       Punch             |     1 |     1 |     4 |       |       ||     6
Throw: Large rock        |       |     8 |     2 |     5 |     5 ||    20
       Throwing net      |       |     2 |       |       |       ||     2
Invok: Heroism           |       |     3 |    14 |    37 |     8 ||    62
       Finesse           |       |       |       |     3 |     3 ||     6
  Use: Scroll            |     4 |     4 |     4 |     5 |    13 ||    30
       Potion            |       |     4 |       |     5 |    10 ||    19
 Stab: Sleeping          |     1 |       |     3 |     2 |     1 ||     7
       Held in net/web   |       |     1 |       |       |       ||     1
       Distracted        |       |       |     1 |       |     1 ||     2
  Eat: Chunk             |    14 |     7 |    39 |    55 |    18 ||   133
       Bread ration      |       |       |       |       |     2 ||     2
       Royal jelly       |       |       |       |       |     2 ||     2
Armor: Robe              |    34 |    22 |    62 |    48 |    22 ||   188
       Skin              |       |       |       |       |     2 ||     2
Dodge: Dodged            |    64 |    32 |    91 |   249 |    93 ||   529
Block: Shield            |       |       |    51 |   297 |    90 ||   438
